 Dungeon Crawl Stone Soup version 0.28-a0-948-gee6e0bcda6 (webtiles) character file.

Game seed: 7285633203420563263

54 BinkBink the Shield-Bearer (level 3, 0/24 HPs)
             Began as a Gargoyle Fighter on Nov 30, 2021.
             Was a Believer of Zin.
             Slain by Sigmund (2 damage)
             ... on level 2 of the Dungeon.
             The game lasted 00:02:23 (1398 turns).

BinkBink the Shield-Bearer (Gargoyle Fighter)       Turns: 1398, Time: 00:02:24

Health: 0/24       AC: 10    Str: 20    XL:     3   Next: 91%
Magic:  3/3        EV:  9    Int:  8    God:    Zin [**....]
Gold:   73         SH:  4    Dex:  9    Spells: 2/2 levels left

rFire   . . .      SeeInvis .   a - +0 flail
rCold   . . .      Faith    .   c - +0 buckler
rNeg    + . .      Spirit   .   b - +0 scale mail
rPois   ∞          Reflect  .   (no helmet)
rElec   +          Harm     .   (no cloak)
rCorr   .          Rampage  .   (no gloves)
Will    .....                   (no boots)
Stlth   ..........              (no amulet)
HPRegen 0.08/turn               e - +4 ring of slaying
MPRegen 0.08/turn               (no ring)

@: no status effects
A: sickness immunity, AC +3, negative energy resistance 1, electricity
resistance, torment resistance 1, petrification resistance
a: Renounce Religion, Recite, Vitalisation, Donate Gold


You were on level 2 of the Dungeon.
You worshipped Zin.
Zin was pleased with you.
You visited 1 branch of the dungeon, and saw 2 of its levels.

You collected 81 gold pieces.
You donated 8 gold pieces to Zin.

Inventory:

Hand Weapons
 a - a +0 flail (weapon)
Armour
 b - a +0 scale mail (worn)
 c - a +0 buckler (worn)
 i - a +2 hat
Jewellery
 e - a +4 ring of slaying (left hand)
Wands
 l - a wand of paralysis (7)
Scrolls
 g - 2 scrolls of magic mapping {unknown}
 j - a scroll of silence {unknown}
 k - a scroll of amnesia {unknown}
 m - a scroll of immolation {unknown}
 n - a scroll of fear {unknown}
 o - a scroll of teleportation {unknown}
Potions
 d - 2 potions of might
 f - 2 potions of ambrosia {unknown}
 h - 2 potions of heal wounds {unknown}


   Skills:
 + Level 3.6 Fighting
 + Level 2.9 Maces & Flails
 + Level 3.6 Armour
 + Level 3.9 Shields


You had 2 spell levels left.
You didn't know any spells.
Your spell library contained the following spells:

 Spells                   Type           Power      Damage    Failure   Level
 Sting                    Tmut/Pois      0%         1d3       77%         1
 Summon Guardian Golem    Hex/Summ       0%         N/A       98%         3
 Summon Cactus Giant      Summ           0%         N/A       100%        6
 Dragon's Call            Summ           0%         N/A       100%        9


Dungeon Overview and Level Annotations

Branches:
Dungeon (2/15)

Altars:
Qazlal
Zin

Annotations:
D:2 Sigmund


Innate Abilities, Weirdness & Mutations

You are immune to sickness and miasma.
Your stone body is resilient. (AC +3)
You are immune to poison.
You resist negative energy. (rN+)
You are resistant to electric shocks. (rElec)
You are resistant to unholy torment.
You are immune to petrification.


Message History

Found an escape hatch in the ceiling.
There is an escape hatch in the ceiling here.
Found an escape hatch in the floor.
There is an escape hatch in the floor here.
There is a stone staircase leading up here.
n - a scroll labelled AWIUSS TYAREU A goblin comes into view.
It is wielding a +1 dagger of venom.
The goblin shouts!
You barely miss the goblin.
The goblin hits you but does no damage. x2
You barely miss the goblin. The goblin hits you but does no damage.
You thump the goblin!
You kill the goblin!
No target in view!
You see here a +1 dagger of venom.
o - a scroll labelled JAXKAH JEIHU You pay a tithe of 1 gold.
You can now call upon Zin for vitalisation.
You now have 65 gold pieces (gained 10).
You pay a tithe of 1 gold.
You now have 73 gold pieces (gained 8).
Found a stone staircase leading down.
Sigmund is nearby!
Sigmund is nearby!
Sigmund hits you from afar with a +2 vorpal scythe.
You completely miss Sigmund. Sigmund hits you but does no damage.
You thump Sigmund!
Sigmund is moderately wounded.
Sigmund barely misses you.
You barely miss Sigmund.
Sigmund is moderately wounded.
Sigmund gestures at you while chanting. The magic dart hits you.
You sock Sigmund!
Sigmund is severely wounded.
Sigmund mumbles some strange words.
Sigmund flickers and vanishes!
Deactivating autopickup; reactivate with Ctrl-A.
You closely miss something. Something hits you.
You hit something. Something hits you!
* * * LOW HITPOINT WARNING * * *
You die...

.
..........########.##......#
#######.#.# #@####.##.#
#.#.# #.# #†##.# #.#.# #.#
#.##.# #.#.# #.####.....
###.#.# #.......... #...#.#
######..######.## #.###.#
#.{............# #.#
#.###@####..#####. #.#
#......# #..#####.. #.#
#####..# #......... #.# #..#
##.#####.# #.# #..# #...#
#.# #####..# ###.#
#.###...#..# #.#
#.##.......######.#
#.##..............#


There were no monsters in sight!

Vanquished Creatures
  Terence (D:2)
  2 dart slugs (D:1)
  3 ball pythons
  3 bats (D:1)
  2 endoplasms
  2 goblins
  3 hobgoblins
  2 quokkas (D:1)
  A frilled lizard (D:2)
  2 kobolds (D:1)
  2 rats
23 creatures vanquished.

Notes
Turn   | Place    | Note
-------+----------+-------------------------------------------
     0 | D:1      | BinkBink the Gargoyle Fighter began the quest for the Orb.
     0 | D:1      | Reached XP level 1. HP: 14/14 MP: 1/1
   283 | D:1      | Reached XP level 2. HP: 18/19 MP: 2/2
   303 | D:1      | Noticed an eye of devastation
   306 | D:1      | Found a faded altar of an unknown god.
   307 | D:1      | Noticed a shining eye
   307 | D:1      | Noticed a golden eye
   307 | D:1      | Noticed a floating eye
   367 | D:1      | Prayed at the altar of an unknown god.
   367 | D:1      | Became a worshipper of Zin the Law-Giver
   367 | D:1      | Reached * piety under Zin
   762 | D:2      | Noticed Sigmund
   839 | D:2      | Noticed Terence
   847 | D:2      | Killed Terence
   848 | D:2      | Reached XP level 3. HP: 11/24 MP: 3/3
  1077 | D:2      | Got Sif Muna's Reference Book on Cankerous Companions
  1179 | D:2      | Found a stormy altar of Qazlal.
  1318 | D:2      | Reached ** piety under Zin
  1398 | D:2      | Slain by Sigmund

Illustrated notes

Levels and vault maps discovered:
D:1:      amcnicky_arrival_feature_with_door, layout_rooms,
          hellmonk_ecumenical_altar_watching_god
D:2:      layout_loops_ring, basic_altar, uniq_sigmund, uniq_jessica,
          uniq_terence

Action                   || total
-------------------------++-------
Melee: Flail             ||    67
Armor: Scale mail        ||    37
Dodge: Dodged            ||    33
Block: Buckler           ||    19

Table legend: (Time is in decaauts)
 A = Elapsed time spent in this place.
 B = Non-inter-level travel time spent in this place.
 C = Inter-level travel time spent in this place.
 D = Time resting spent in this place.
 E = Time spent auto-exploring this place.
 F = Levels seen in this place.
 G = Mean time per level.
                   A        B        C        D        E       F      G
               +--------+--------+--------+--------+--------+-----+--------+
         Total |   1417 |   1372 |     45 |      0 |   1157 |   2 |  708.5 |
       Dungeon |   1417 |   1372 |     45 |      0 |   1157 |   2 |  708.5 |
               +--------+--------+--------+--------+--------+-----+--------+

Top non-repeatable levels by time:
     D:1: 786 daAuts
     D:2: 630 daAuts
